 Dungeon Crawl Stone Soup version 0.31-a0-145-g046c7d2549 (webtiles) character file.

Game seed: 10936525300093194388

37 Irreverend the Shooter (level 3, 0/31 HPs)
             Began as a Minotaur Hunter on June 7, 2023.
             Slain by Natasha (6 damage)
             ... on level 3 of the Dungeon.
             The game lasted 00:01:23 (1210 turns).

Irreverend the Shooter (Minotaur Hunter)            Turns: 1210, Time: 00:01:24

Health: 0/31       AC:  3    Str: 21    XL:     3   Next: 23%
Magic:  2/2        EV: 12    Int:  6    God:
Gold:   84         SH:  0    Dex: 15    Spells: 2/2 levels left

rFire   . . .        a - +0 shortbow
rCold   . . .        (shield currently unavailable)
rNeg    . . .        c - +0 leather armour
rPois   .            (helmet restricted)
rElec   .            (no cloak)
rCorr   .            (no gloves)
SInv    +            (no boots)
Will    .....        d - amulet of the acrobat
Stlth   +            r - +6 ring of strength
HPRegen 0.25/turn    q - ring of see invisible
MPRegen 0.08/turn

%: acrobat
@: no status effects
A: horns 2, retaliatory headbutt
a: no special abilities


You were on level 3 of the Dungeon.
You visited 1 branch of the dungeon, and saw 3 of its levels.

You collected 84 gold pieces.

Inventory:

Hand Weapons
 a - a +0 shortbow (weapon)
Armour
 c - a +0 leather armour (worn)
Jewellery
 d - an amulet of the acrobat (around neck)
 j - a ring of protection from cold
 q - a ring of see invisible (right hand)
 r - a +6 ring of strength (left hand)
Scrolls
 b - a scroll of butterflies
 e - a scroll of enchant weapon {unknown}
 g - 2 scrolls of noise {unknown}
 h - 2 scrolls of teleportation {unknown}
 m - 2 scrolls of identify {unknown}
Potions
 f - a potion of attraction {unknown}
 i - a potion of enlightenment {unknown}
 k - a potion of haste {unknown}
 l - a potion of lignification {unknown}
 n - a potion of curing {unknown}
 o - a potion of berserk rage {unknown}
 p - a potion of invisibility {unknown}


   Skills:
 + Level 3.0 Fighting
 * Level 5.1 Ranged Weapons
 + Level 2.7 Dodging
 - Level 0.7 Stealth


You had 2 spell levels left.
You didn't know any spells.
Your spell library was empty.

Dungeon Overview and Level Annotations

Branches:
Dungeon (3/15)

Altars:

Annotations:
D:3 Natasha


Innate Abilities, Weirdness & Mutations

You have a pair of horns on your head.
You reflexively headbutt those who attack you in melee.


Message History

You shoot an arrow. The arrow hits Natasha.
Natasha is moderately wounded.
Natasha claws you!
You shoot an arrow.
The arrow hits Natasha but does no damage.
Natasha is moderately wounded.
Natasha barely misses you. Natasha casts a spell at you.
The magic dart hits you!
You are too injured to fight recklessly!
You are too injured to fight recklessly!
You are too injured to fight recklessly!
You are too injured to fight recklessly!
You shoot an arrow.
The arrow hits Natasha but does no damage.
Natasha is moderately wounded.
Natasha closely misses you. You furiously retaliate!
You headbutt Natasha. You shoot an arrow. The arrow hits Natasha.
Natasha is severely wounded.
Natasha stares at you and mumbles some strange words.
The magic dart hits you.
* * * LOW HITPOINT WARNING * * *
You shoot an arrow. The arrow closely misses Natasha.
The arrow hits the endoplasm.
The endoplasm is almost dead.
Natasha mumbles some strange words.
You feel disoriented. Natasha barely misses you.
You shoot an arrow. The arrow barely misses Natasha.
The arrow hits the endoplasm.
You kill the endoplasm!
Natasha mumbles some strange words.
You shoot an arrow. The arrow hits Natasha.
Natasha is almost dead.
Natasha claws you.
* * * LOW HITPOINT WARNING * * *
The cerulean imp hits you with a +2 spear.
* * * LOW HITPOINT WARNING * * *
You shoot an arrow. The arrow misses Natasha.
Natasha claws you.
You die...

#####################
...............5@...#
################h##.#
#### .†.. ...#.
#..#.# ..... #..#.#
..... #... . .....
#..# ## ..... #...
#.#.#


You could see Natasha and a cerulean imp (summoned).

Vanquished Creatures
  A worm (D:2)
  3 dart slugs (D:1)
  2 bats (D:1)
  2 endoplasms
  A giant cockroach (D:3)
  5 goblins
  2 hobgoblins
  3 jackals (D:2)
  A ball python (D:2)
  2 frilled lizards (D:1)
  2 kobolds
  2 rats
26 creatures vanquished.

Notes
Turn   | Place    | Note
-------+----------+-------------------------------------------
     0 | D:1      | Irreverend the Minotaur Hunter began the quest for the Orb.
     0 | D:1      | Reached XP level 1. HP: 18/18 MP: 0/0
   222 | D:1      | Reached XP level 2. HP: 25/25 MP: 1/1
  1022 | D:2      | Reached skill level 5 in Ranged Weapons
  1022 | D:2      | Reached XP level 3. HP: 31/31 MP: 2/2
  1197 | D:3      | Noticed Natasha
  1210 | D:3      | Slain by Natasha

Illustrated notes

Levels and vault maps discovered:
D:1:      minmay_arrival_four_circles, layout_basic, st_stairs_5
D:2:      layout_rooms, nicolae_eternal_life
D:3:      layout_basic, hangedman_abyss_or_decor_lesser_grid, minivault_25,
          uniq_natasha, uniq_grinder

Skill      XL: |  1  2 |
---------------+-------+-----
Fighting       | 3 |  3.0
Ranged Weapons | 5 |  5.1
Dodging        | |  2.7
Stealth        | |  0.7

Action                     || total
---------------------------++-------
   Fire: Shortbow          ||    76
 Armour: Leather armour    ||    10
  Dodge: Dodged            ||    12

Table legend: (Time is in decaauts)
 A = Elapsed time spent in this place.
 B = Non-inter-level travel time spent in this place.
 C = Inter-level travel time spent in this place.
 D = Time resting spent in this place.
 E = Time spent auto-exploring this place.
 F = Levels seen in this place.
 G = Mean time per level.
                   A        B        C        D        E       F      G
               +--------+--------+--------+--------+--------+-----+--------+
         Total |   1224 |   1161 |     63 |      0 |    997 |   3 |  408.0 |
       Dungeon |   1224 |   1161 |     63 |      0 |    997 |   3 |  408.0 |
               +--------+--------+--------+--------+--------+-----+--------+

Top non-repeatable levels by time:
     D:1: 748 daAuts
     D:2: 416 daAuts
     D:3: 59 daAuts
